 Dungeon Crawl Stone Soup version 0.30-a0-6-g7c9e10e132 (webtiles) character file.

Game seed: 273024581446804801

21 ChongLi the Changer (level 2, 0/23 HPs)
             Began as a Draconian Transmuter on Aug 23, 2022.
             Slain by a goblin
             ... wielding a +0 club
              (4 damage)
             ... on level 2 of the Dungeon.
             The game lasted 00:01:25 (1065 turns).

ChongLi the Changer (Draconian Transmuter)          Turns: 1065, Time: 00:01:25

Health: 0/23       AC:  4    Str: 12    XL:     2   Next: 65%
Magic:  5/5        EV: 12    Int: 13    God:
Gold:   65         SH:  0    Dex: 11    Spells: 4/5 levels left

rFire   . . .      SeeInvis .      - Unarmed
rCold   . . .      Faith    .    (no shield)
rNeg    . . .      Spirit   .    (body armour unavailable)
rPois   .          Reflect  .    (helmet restricted)
rElec   .          Harm     .    (no cloak)
rCorr   .          Rampage  .    (no gloves)
Will    .....                    (no boots)
Stlth   +.........               (no amulet)
HPRegen 0.07/turn                (no ring)
MPRegen 0.09/turn                (no ring)

@: no status effects
A: AC +4, unfitting armour, cold-blooded
a: no special abilities


You were on level 2 of the Dungeon.
You visited 1 branch of the dungeon, and saw 2 of its levels.

You collected 65 gold pieces.

Inventory:

Potions
 a - a potion of lignification
 b - a potion of mutation {unknown}
 c - a potion of attraction {unknown}


   Skills:
 - Level 1.1 Fighting
 - Level 1.7 Dodging
 - Level 3.0 Unarmed Combat
 - Level 2.0 Spellcasting
 + Level 3.3 Transmutations


You had 4 spell levels left.
You knew the following spells:

 Your Spells              Type           Power      Damage    Failure   Level
a - Beastly Appendage     Tmut           18%        N/A       7%          1

Your spell library contained the following spells:

 Spells                   Type           Power      Damage    Failure   Level
 Wereblood                Tmut           9%         N/A       10%         2
 Spider Form              Tmut/Pois      5%         N/A       36%         3
 Ice Form                 Ice/Tmut       5%         N/A       78%         4


Dungeon Overview and Level Annotations

Branches:
Dungeon (2/15)

Altars:


Innate Abilities, Weirdness & Mutations

Your plain brown scales are hard. (AC +4)
You cannot fit into any form of body armour.
You are cold-blooded and may be slowed by cold attacks.


Message History

Your transformation is almost over.
Your horns disappear.
Your talons disappear.
You see here a hobgoblin corpse.
You open the door.
There is an open door here.
There is an open door here.
You see here a +0 club.
You open the door.
There is an open door here.
There is an open door here.
You open the door.
There is an open door here.
You open the door.
Done exploring.
Done exploring.
You open the door.
There is an open door here.
You see here a +0 helmet.
There is a stone staircase leading down here.
You climb downwards.
Found 4 gold pieces and an amethyst potion.
There is a stone staircase leading up here.
The goblin unwields a +0 club.
The goblin wields a +0 sling.
The goblin shoots a sling bullet.
The sling bullet hits you.
You see here 4 gold pieces.
The goblin shoots a sling bullet.
The sling bullet hits you.
You see here 4 gold pieces.
You now have 65 gold pieces (gained 4).
The goblin shoots a sling bullet.
The sling bullet completely misses you.
The goblin shoots a sling bullet.
The sling bullet hits you.
The goblin shoots a sling bullet.
The sling bullet hits you.
The goblin shoots a sling bullet.
The sling bullet hits you.
* * * LOW HITPOINT WARNING * * *
The goblin shoots a sling bullet.
The sling bullet closely misses you.
You are too injured to fight recklessly!
You closely miss the goblin.
The goblin unwields a +0 sling.
The goblin wields a +0 club.
The goblin hits you with a +0 club.
* * * LOW HITPOINT WARNING * * *
You completely miss the goblin. The goblin hits you with a +0 club.
You die...

+# ####.####
####..g....#
#....@#.## #
#........#.#
#..........#
#.###........#.##
#.........!......
######<#.########
##.## ###


You could see a goblin.

Vanquished Creatures
  A bat (D:1)
  3 endoplasms (D:1)
  A goblin (D:1)
  2 hobgoblins (D:1)
  4 jackals (D:1)
  2 quokkas (D:1)
  3 kobolds (D:1)
  A rat (D:1)
17 creatures vanquished.

Notes
Turn   | Place    | Note
-------+----------+-------------------------------------------
     0 | D:1      | ChongLi the Draconian Transmuter began the quest for the
                  | Orb.
     0 | D:1      | Reached XP level 1. HP: 16/16 MP: 3/3
   504 | D:1      | Reached XP level 2. HP: 18/23 MP: 3/5
  1065 | D:2      | Slain by a goblin

Illustrated notes

Levels and vault maps discovered:
D:1:      wander_arrival_lonely_grave, layout_loops_corners
D:2:      layout_loops_corners

Skill      XL: |  1  2 |
---------------+-------+-----
Transmutations | 3 |  3.3
Fighting       | |  1.1
Dodging        | |  1.7
Unarmed Combat | |  3.0
Spellcasting   | |  2.0

Action                   || total
-------------------------++-------
Melee: Unarmed           ||    53
       Kick              ||     9
       Tailslap          ||     7
       Headbutt          ||     4
 Cast: Beastly Appendage ||    13
Armor: Skin              ||    14
Dodge: Dodged            ||    28

Table legend: (Time is in decaauts)
 A = Elapsed time spent in this place.
 B = Non-inter-level travel time spent in this place.
 C = Inter-level travel time spent in this place.
 D = Time resting spent in this place.
 E = Time spent auto-exploring this place.
 F = Levels seen in this place.
 G = Mean time per level.
                   A        B        C        D        E       F      G
               +--------+--------+--------+--------+--------+-----+--------+
         Total |   1063 |   1045 |     18 |      0 |    898 |   2 |  531.5 |
       Dungeon |   1063 |   1045 |     18 |      0 |    898 |   2 |  531.5 |
               +--------+--------+--------+--------+--------+-----+--------+

Top non-repeatable levels by time:
     D:1: 1050 daAuts
     D:2: 12 daAuts
